 Dungeon Crawl Stone Soup version 0.23.1-37-gaa34b87 (webtiles) character file.

Game seed: 3482407188089461598

66 Iflex the Ducker (level 4, -14/33 HPs)
             Began as a Merfolk Transmuter on Mar 20, 2019.
             Demolished by a gnoll
             ... wielding a +0 whip of electrocution
              (15 damage)
             ... on level 1 of the Dungeon.
             The game lasted 00:07:13 (2440 turns).

Iflex the Ducker (Merfolk Transmuter)               Turns: 2440, Time: 00:07:13

Health: -14/33     AC:  5    Str: 11    XL:     4   Next: 15%
Magic:  7/7        EV: 13    Int: 12    God:
Gold:   59         SH:  0    Dex: 14    Spells: 6/7 levels left

rFire    . . .     SeeInvis .   m - +0 spear
rCold    . . .     Gourm    .   (no shield)
rNeg     . . .     Faith    .   k - +0 leather armour
rPois    .         Spirit   .   h - +0 helmet
rElec    .         Reflect  .   (no cloak)
rCorr    +         Harm     .   (no gloves)
MR       .....                  n - +0 pair of boots
Stlth    +.........             (no amulet)
HPRegen  0.11/turn              j - ring of resist corrosion
MPRegen  0.10/turn              (no ring)

@: no status effects
A: change form in water, swift swim, stealthy swim
a: no special abilities


You were on level 1 of the Dungeon.
You were hungry.

You visited 1 branch of the dungeon, and saw 2 of its levels.

You collected 59 gold pieces.

Inventory:

Hand Weapons
 m - a +0 spear (weapon)
Missiles
 a - 12 arrows
 f - 4 stones (quivered)
Armour
 b - a +0 robe
 h - a +0 helmet (worn)
 k - a +0 leather armour (worn)
 n - a +0 pair of boots (worn)
Jewellery
 j - a ring of resist corrosion (left hand)
Scrolls
 c - a scroll of magic mapping
 i - a scroll of teleportation {unknown}
Potions
 g - a potion of lignification
 l - a potion of ambrosia
Comestibles
 d - a ration


   Skills:
 + Level 2.2 Fighting
 * Level 0.6 Polearms
 + Level 0.7 Armour
 + Level 3.8 Dodging
 - Level 0.4 Stealth
 - Level 3.3 Unarmed Combat
 + Level 2.2 Spellcasting
 + Level 3.1 Transmutations


You had 6 spell levels left.
You knew the following spells:

 Your Spells              Type           Power        Failure   Level  Hunger
a - Beastly Appendage     Tmut           #.....       10%         1    ##.....

Your spell library contained the following spells:

 Spells                   Type           Power        Failure   Level  Hunger
 Sticks to Snakes         Tmut           #.......     14%         2    ###....
 Spider Form              Tmut/Pois      #.........   50%         3    ####...
 Ice Form                 Ice/Tmut       #.......     88%         4    #####..
 Blade Hands              Tmut           #.........   95%         5    ######.


Dungeon Overview and Level Annotations

Branches:
Dungeon (2/15)

Altars:


Message History

Confirm with . or Enter, or press ? or * to list all spells.
You have no appropriate body parts free.
Unknown command.
Unknown command.
Unknown command.
The gnoll hits you. The gnoll misses you. The gnoll completely misses you.
The gnoll hits you with a +0 whip of electrocution.
The gnoll misses you. The gnoll barely misses you.
The gnoll hits you but does no damage. The gnoll barely misses you.
The gnoll barely misses you.
The gnoll hits you with a +0 whip of electrocution.
You are electrocuted!
* * * LOW HITPOINT WARNING * * *
The gnoll closely misses you. The gnoll misses you.
The gnoll barely misses you.
The gnoll hits you with a +0 whip of electrocution.
* * * LOW HITPOINT WARNING * * *
You are electrocuted!
You die...

#.## #.# ##.#......#
#..###.###.#.......#
#.........###......#
####..###.#.#.#.#......
#.......#..###.###.....
#.##......#.#####......
#.####..####.###..#...#
#.# #.g# ##.#.......#
#.####@g# ##........#
#.......### ##.......##
##........###.........#
#.##.......'.........'
#.##.....###.........#
#.##.#.#.# ##.......##
#.##.###.# ##.....##
#.##.###.# ##...##
#........# ##+##


You could see 2 gnolls.

Vanquished Creatures
  2 adders (D:2)
  An ooze (D:2)
  A worm (D:2)
  2 leopard geckos (D:1)
  A giant cockroach (D:2)
  3 hobgoblins
  7 jackals (D:2)
  A ball python (D:1)
  A bat (D:2)
  5 frilled lizards
  5 goblins
  6 kobolds
  5 rats
40 creatures vanquished.

Notes
Turn   | Place    | Note
-------+----------+-------------------------------------------
     0 | D:1      | Iflex the Merfolk Transmuter began the quest for the Orb.
     0 | D:1      | Reached XP level 1. HP: 15/15 MP: 3/3
   726 | D:1      | Reached XP level 2. HP: 21/21 MP: 5/5
  1676 | D:2      | Reached XP level 3. HP: 24/27 MP: 6/6
  1936 | D:2      | Reached XP level 4. HP: 23/33 MP: 7/7
  2440 | D:1      | HP: 1/33 [gnoll/+0 whip of electrocution (5)]
  2440 | D:1      | Demolished by a gnoll

Skill      XL: |  1  2  3 |
---------------+----------+-----
Dodging        | 3 |  3.8
Transmutations | 3 |  3.1
Fighting       | 2 |  2.2
Polearms       | |  0.6
Armour         | |  0.7
Stealth        | |  0.4
Unarmed Combat | |  3.3
Spellcasting   | |  2.2

Action                   |  1- 3 |  4- 6 || total
-------------------------+-------+-------++-------
Melee: Unarmed           |   114 |       ||   114
       Punch             |     1 |       ||     1
       Spear             |    20 |    18 ||    38
  Use: Scroll            |     1 |     2 ||     3
 Stab: Sleeping          |     1 |       ||     1
  Eat: Chunk             |     3 |     1 ||     4
Armor: Leather armour    |    16 |     4 ||    20
       Robe              |     3 |       ||     3
Dodge: Dodged            |    77 |    22 ||    99
